 Dungeon Crawl Stone Soup version 0.29-a0-577-gafbf2c5d25 (webtiles) character file.

Game seed: 11851368721159501403

1973 ICEMaiden the Magician (level 9, -1/48 (52) HPs)
             Began as a Deep Elf Conjurer on June 8, 2022.
             Slain by a wight
             ... wielding a +5 falchion
              (3 damage)
             ... on level 8 of the Dungeon on June 13, 2022.
             The game lasted 00:36:39 (8889 turns).

ICEMaiden the Magician (Deep Elf Conjurer)          Turns: 8889, Time: 00:36:40

HP:   -1/48 (52)    AC:  7    Str:  6    XL:     9   Next: 0%
MP:   0/20          EV: 14    Int: 34    God:
Gold: 24            SH:  0    Dex: 13    Spells: 8/20 levels left

rFire   . . .      SeeInvis .   b - +2 dagger (holy)
rCold   + + +      Faith    .   (no shield)
rNeg    . . .      Spirit   +   e - +0 robe
rPois   .          Reflect  .   z - +1 helmet of Amiepif {rC++ rCorr Str-2 Int+4}
rElec   .          Harm     .   u - +0 cloak
rCorr   +          Rampage  .   (no gloves)
Will    .....                   t - +1 pair of boots
Stlth   ++........              v - amulet of guardian spirit
HPRegen 0.16/turn               g - ring of protection from cold
MPRegen 0.17/turn               p - +6 ring of intelligence

@: about to teleport, drained, very slow
A: no striking features
a: no special abilities


You were on level 8 of the Dungeon.
You visited 2 branches of the dungeon, and saw 9 of its levels.

You collected 522 gold pieces.
You spent 498 gold pieces at shops.

Inventory:

Hand Weapons
 a - a +1 dagger of electrocution
 b - a +2 dagger of holy wrath (weapon)
Missiles
 B - 2 throwing nets
Armour
 e - a +0 robe (worn)
 t - a +1 pair of boots (worn)
 u - a +0 cloak (worn)
 z - the +1 helmet of Amiepif (worn) {rC++ rCorr Str-2 Int+4}
   (You found it on level 2 of the Dungeon)

   Str:       It affects your strength (-2).
   Int:       It affects your intelligence (+4).
   rC:        It greatly protects you from cold.
   rCorr:     It protects you from acid and corrosion.
 C - a +0 buckler
Jewellery
 g - a ring of protection from cold (left hand)
 p - a +6 ring of intelligence (right hand)
 s - a ring of flight
 v - an amulet of guardian spirit (around neck)
Wands
 y - a wand of paralysis (11)
Scrolls
 h - 2 scrolls of vulnerability {unknown}
 i - 2 scrolls of immolation {unknown}
 j - a scroll of brand weapon {unknown}
 k - 14 scrolls of identify {unknown}
 m - 2 scrolls of magic mapping {unknown}
 n - 4 scrolls of teleportation
 q - 3 scrolls of summoning {unknown}
 x - a scroll of enchant weapon {unknown}
 D - a scroll of enchant armour {unknown}
Potions
 c - 3 potions of haste
 f - 2 potions of attraction {unknown}
 o - a potion of berserk rage {unknown}
 r - a potion of magic
 w - 3 potions of curing
 A - a potion of brilliance


   Skills:
 * Level 4.6 Fighting
 + Level 2.4 Armour
 + Level 5.3 Dodging
 - Level 5.0 Stealth
 + Level 1.5 Shields
 + Level 6.2 Spellcasting
 + Level 6.1 Conjurations
 - Level 3.0 Hexes
 * Level 4.7 Earth Magic


You had 8 spell levels left.
You knew the following spells:

 Your Spells              Type           Power      Damage    Failure   Level
a - Magic Dart            Conj           100%       1d8       1%          1
b - Iron Shot             Conj/Erth      23%        9d5       54%         6
c - Dazzling Flash        Conj/Hex       82%        N/A       1%          3
s - Searing Ray           Conj           100%       2d8       1%          2

Your spell library contained the following spells:

 Spells                   Type           Power      Damage    Failure   Level
 Beastly Appendage        Tmut           20%        N/A       4%          1
 Mephitic Cloud           Conj/Pois/Air  24%        N/A       4%          3
 Call Imp                 Summ           10%        N/A       6%          2
 Sublimation of Blood     Necr           10%        N/A       6%          2
 Wereblood                Tmut           10%        N/A       6%          2
 Fulminant Prism          Conj/Hex       20%        3d13      6%          4
 Iskenderun's Mystic Bla  Conj/Tloc      31%        2d8       11%         4
 Spider Form              Tmut/Pois      10%        N/A       12%         3
 Animate Armour           Summ/Erth      52%        N/A       14%         4
 Petrify                  Tmut/Erth      26%        N/A       14%         4
 Irradiate                Conj/Tmut      15%        3d18      30%         5
 Blade Hands              Tmut           5%         N/A       73%         5
 Dispersal                Tloc           5%         N/A       99%         6
 Disjunction              Tloc           5%         N/A       100%        8


Dungeon Overview and Level Annotations

Branches:
Dungeon (8/15)             Temple (1/1) D:5
   Lair: D:8-11

Altars:
Cheibriados
Dithmenos
Elyvilon
Fedhas
Gozag
Hepliaklqana
Makhleb
Okawaru
Qazlal
Ru
Trog
Uskayaw
Wu Jian
Xom
Yredelemnul
The Shining One

Shops:
D:1 (   D:6 *!:[=   D:8 !

Annotations:
D:4 Eustachio, Menkaure, Pikel
D:7 3 runed translucent doors, exclusion: steam dragon, jifgo's ghost, novice MiBe; valliere's ghost, novice HOFi; zeratav's ghost, novice OpEE; zeratav's ghost, novice TrFi
D:8 Maggie


Message History

An orc wizard and 4 wights come into view.
A wight is wielding a +2 vorpal scimitar.
You feel sick.
Unknown command.
You enter the shallow water.
Moving in this stuff is going to be slow.
You feel sick.
The killer bee buzzes angrily.
The orc wizard shouts!
The electric eel shoots out a bolt of lightning at you!
The bolt of electricity hits you!
* * * LOW HITPOINT WARNING * * *
You feel much better.
You feel sick. The wight hits you but does no damage.
The wight hits you with a +2 vorpal scimitar.
You feel drained.
Unknown command.
As you read the scroll of fog, it crumbles to dust.
The scroll dissolves into smoke.
You feel sick.
The killer bee stings you but does no damage.
The wight misses you.
A sky beast comes into view.
The killer bee closely misses you.
The wight hits you with a +2 vorpal scimitar!
* * * LOW HITPOINT WARNING * * *
x2 You feel better.
The killer bee closely misses you. The wight closely misses you.
The killer bee misses you.
The wight hits you with a +2 vorpal scimitar.
* * * LOW HITPOINT WARNING * * *
You feel drained.
* * * LOW HITPOINT WARNING * * *
Unknown command.
As you read the scroll of teleportation, it crumbles to dust.
You feel strangely unstable. The killer bee stings you.
* * * LOW HITPOINT WARNING * * *
The wight splashes around in the water.
The killer bee stings you.
* * * LOW HITPOINT WARNING * * *
You feel better. The killer bee closely misses you.
The wight hits you with a +5 falchion!
* * * LOW HITPOINT WARNING * * *
You feel drained.
You die...

########### #.§§.......
#.§z§......
####.§@zz≈.≈≈≈
##....§yo≈≈.≈≈≈
##########...##z≈§≈≈.≈≈≈
...........#....≈≈≈≈.≈≈≈
..########...##.≈≈≈≈....
..# #.............Y≈≈
..# #.##.##..SS≈≈≈.≈≈
#.# #.# .##..≈≈≈≈≈.≈≈
..#### #.# .#...≈≈≈≈≈.≈


You could see a sky beast, a killer bee, 2 electric eels, 4 wights and an orc
wizard.

Vanquished Creatures
  A water moccasin (D:7)
  An ogre (D:6)
  3 centaurs
  A phantom (D:5)
  5 bullfrogs
  3 scorpions (D:5)
  2 wights (D:8)
  5 killer bees (D:8)
  5 hounds
  An orc priest (D:6)
  Crazy Yiuf (D:2)
  Natasha (thrice) (D:2)
  Ijyb (D:4)
  An iguana (D:5)
  2 orc wizards
  10 gnolls
  7 adders
  A shadow imp (D:5)
  An ufetubus (D:3)
  A worm (D:3)
  2 dart slugs
  11 orcs
  3 bats
  5 endoplasms
  2 giant cockroaches
  7 goblins
  6 hobgoblins
  3 jackals (D:3)
  7 kobolds
  7 quokkas
  9 ball pythons
  7 frilled lizards
  8 rats
132 creatures vanquished.

Vanquished Creatures (others)
  4 fungi (D:2)
  47 plants (D:4)
51 creatures vanquished.

Grand Total: 183 creatures vanquished

Notes
Turn   | Place    | Note
-------+----------+-------------------------------------------
     0 | D:1      | ICEMaiden the Deep Elf Conjurer began the quest for the
                  | Orb.
     0 | D:1      | Reached XP level 1. HP: 10/10 MP: 6/6
   171 | D:1      | Found a faded altar of an unknown god.
   177 | D:1      | Reached XP level 2. HP: 15/16 MP: 8/8
   439 | D:1      | Reached skill level 1 in Fighting
   655 | D:1      | Found Misakuif's Weapon Emporium.
   711 | D:2      | Reached XP level 3. HP: 20/20 MP: 7/9
   971 | D:2      | Noticed Natasha
   980 | D:2      | Killed Natasha
   991 | D:2      | Found a runed translucent door.
  1030 | D:2      | Noticed Crazy Yiuf
  1203 | D:2      | Reached XP level 4. HP: 25/25 MP: 7/11
  1206 | D:2      | Identified the +1 helmet of Amiepif {rC++ rCorr Str-2
                  | Int+4}
  1408 | D:2      | Noticed Natasha
  1422 | D:1      | Learned a level 2 spell: Searing Ray
  1426 | D:1      | Learned a level 3 spell: Dazzling Flash
  1480 | D:2      | Killed Natasha
  1850 | D:2      | Noticed Natasha
  1855 | D:2      | Killed Natasha
  1947 | D:2      | Killed Crazy Yiuf
  1948 | D:2      | Reached skill level 1 in Hexes
  1948 | D:2      | Reached XP level 5. HP: 20/30 MP: 6/13
  2906 | D:3      | Reached skill level 5 in Conjurations
  3268 | D:4      | Noticed Pikel
  3268 | D:4      | Noticed a lemure
  3268 | D:4      | Noticed a lemure
  3268 | D:4      | Noticed a lemure
  3268 | D:4      | Noticed a lemure
  3359 | D:4      | Noticed Ijyb
  3364 | D:4      | Paralysed by Ijyb for 3 turns
  3368 | D:4      | Paralysed by Ijyb for 2 turns
  3373 | D:4      | Paralysed by Ijyb for 3 turns
  3377 | D:4      | Killed Ijyb
  3587 | D:3      | Reached XP level 6. HP: 31/36 MP: 4/14
  3751 | D:4      | Found a burning altar of Makhleb.
  3805 | D:4      | Found a blossoming altar of Fedhas.
  3967 | D:4      | Noticed Menkaure
  4020 | D:5      | Entered Level 5 of the Dungeon
  4020 | D:5      | Found a staircase to the Ecumenical Temple.
  4190 | Temple   | Entered the Ecumenical Temple
  4524 | D:5      | Learned a level 6 spell: Iron Shot
  4594 | D:5      | Found a large runed translucent door.
  4595 | D:5      | Found a large runed translucent door.
  4777 | D:5      | Reached skill level 1 in Earth Magic
  4888 | D:4      | Noticed Eustachio
  4999 | D:5      | Reached XP level 7. HP: 41/41 MP: 6/16
  5260 | D:5      | Found a glowing golden altar of the Shining One.
  5283 | D:5      | Found a snail-covered altar of Cheibriados.
  5346 | D:6      | Found Naroplat's Assorted Antiques.
  5346 | D:6      | Found Caghe's Book Shoppe.
  5357 | D:6      | Reached skill level 1 in Armour
  5357 | D:6      | Reached skill level 5 in Spellcasting
  5489 | D:6      | Found Atauchips's Antique Armour Shop.
  5490 | D:6      | Bought a book of Minor Magic for 216 gold pieces
  6233 | D:6      | Found Kezxo's Distillery.
  6241 | D:6      | Bought a potion of curing for 33 gold pieces
  6241 | D:6      | Bought a potion of heal wounds for 55 gold pieces
  6241 | D:6      | Bought a potion of brilliance for 44 gold pieces
  6425 | D:6      | Upgraded the game from 0.29-a0-557-g43b9904bd1 to
                  | 0.29-a0-577-gafbf2c5d25
  6450 | D:6      | Reached XP level 8. HP: 42/48 MP: 6/18
  6547 | D:6      | Found Ilarhupo's Jewellery Shoppe.
  6667 | D:6      | Found a shadowy altar of Dithmenos.
  6667 | D:6      | Found a white marble altar of Elyvilon.
  7033 | D:7      | Reached skill level 5 in Stealth
  7434 | D:7      | Found a runed translucent gate.
  7435 | D:7      | Found a runed translucent gate.
  7435 | D:7      | Found a runed translucent gate.
  7442 | D:7      | Noticed valliere's ghost (novice HOFi)
  7442 | D:7      | Noticed zeratav's ghost (novice OpEE)
  7442 | D:7      | Noticed zeratav's ghost (novice TrFi)
  7442 | D:7      | Noticed jifgo's ghost (novice MiBe)
  7887 | D:8      | Found Wel Enwy's Distillery.
  8123 | D:8      | Reached skill level 5 in Dodging
  8123 | D:8      | Reached skill level 1 in Shields
  8190 | D:8      | Noticed Maggie
  8386 | D:8      | Bought a potion of haste for 150 gold pieces
  8466 | D:8      | Found a hazy altar of Hepliaklqana.
  8880 | D:8      | Reached XP level 9. HP: 20/52 MP: 3/20
  8886 | D:8      | HP: 2/51 [wight/+2 vorpal scimitar (5)]
  8889 | D:8      | Slain by a wight

Illustrated notes

Levels and vault maps discovered:
D:1:      dpeg_arrival_water_temple_mockup, layout_rooms,
          dreamdust_ecumenical_altar_angels_and_demons, serial_shops,
          shop_statue, minmay_tromino_i2
D:2:      layout_loops_corners, kennysheep_cross_bottleneck,
          hangedman_decor_push, hex_tiny, uniq_natasha, uniq_crazy_yiuf_cottage
D:3:      layout_loops_corners, minivault_24, roderic_serpentine_path,
          minmay_misc_feat_secret_circle
D:4:      wad_woods_stonehenge, layout_gridville, nemelex_spade_bored_becter,
          fedhas_altar_1, amcnicky_altar_gilded, chequers_mini_garden,
          uniq_menkaure, uniq_pikel, uniq_ijyb, uniq_eustachio
D:5:      layout_loops_ring, jmf_multi_god_temple2, temple_pool_b, moated_statue
D:6:      layout_rooms, gammafunk_temple_overflow_wave, serial_shops, shop,
          shop, nicolae_stop_n_shop_2, shop, shop
D:7:      layout_loops_ring, gammafunk_ghost_cemetery
D:8:      layout_loops_ring, mainiacjoe_overflow_surrounded_room, serial_shops,
          nicolae_stop_n_shop_2, minivault_14, uniq_maggie
Temple:   jpeg_temple_island

Skill      XL: |  1  2  3  4  5  6  7  8 |
---------------+-------------------------+-----
Fighting       | 1 2 3 4 |  4.6
Dodging        | 3 4 5 |  5.3
Stealth        | 3 4 5 |  5.0
Spellcasting   | 4 5 6 |  6.2
Hexes          | 1 2 3 |  3.0
Conjurations   | 5 6 |  6.1
Earth Magic    | 1 3 4 |  4.7
Armour         | 1 2 |  2.4
Shields        | 1 |  1.5

Action                   |  1- 3 |  4- 6 |  7- 9 || total
-------------------------+-------+-------+-------++-------
Melee: Short sword       |    27 |       |       ||    27
       Dagger            |       |    29 |     4 ||    33
Throw: Dart              |       |     3 |       ||     3
 Cast: Magic Dart        |    51 |    82 |    64 ||   197
       Searing Ray       |       |    19 |    31 ||    50
       Dazzling Flash    |       |     3 |     3 ||     6
  Use: Scroll            |       |     2 |     5 ||     7
       Potion            |       |       |     5 ||     5
 Stab: Sleeping          |     4 |     6 |     1 ||    11
       Invisible         |       |     1 |       ||     1
Armor: Robe              |     4 |    25 |    36 ||    65
Dodge: Dodged            |    13 |    59 |    87 ||   159

Table legend: (Time is in decaauts)
 A = Elapsed time spent in this place.
 B = Non-inter-level travel time spent in this place.
 C = Inter-level travel time spent in this place.
 D = Time resting spent in this place.
 E = Time spent auto-exploring this place.
 F = Levels seen in this place.
 G = Mean time per level.
                   A        B        C        D        E       F      G
               +--------+--------+--------+--------+--------+-----+--------+
         Total |   8969 |   8220 |    749 |   1781 |   5134 |   9 |  996.6 |
       Dungeon |   8582 |   7906 |    676 |   1781 |   4872 |   8 | 1072.8 |
        Temple |    387 |    314 |     73 |      0 |    261 |   1 |  387.0 |
               +--------+--------+--------+--------+--------+-----+--------+

Top non-repeatable levels by time:
     D:5: 1643 daAuts
     D:3: 1473 daAuts
     D:2: 1429 daAuts
     D:7: 1191 daAuts
     D:8: 931 daAuts
     D:6: 759 daAuts
     D:1: 715 daAuts
     D:4: 437 daAuts
  Temple: 387 daAuts
